 Dungeon Crawl Stone Soup version 0.28-a0-1130-gc51a68064b (webtiles) character file.

Game seed: 11906992485712015307

190 mcbry74 the Conjurer (level 5, 0/28 HPs)
             Began as a Deep Elf Conjurer on Dec 12, 2021.
             Slain by a scorpion (6 damage)
             ... on level 4 of the Dungeon.
             The game lasted 00:10:16 (3567 turns).

mcbry74 the Conjurer (Deep Elf Conjurer)            Turns: 3567, Time: 00:10:17

Health: 0/28       AC:  2    Str:  4    XL:     5   Next: 41%
Magic:  0/12       EV: 12    Int: 25    God:
Gold:   124        SH:  0    Dex: 13    Spells: 5/11 levels left

rFire   . . .      SeeInvis .   f - +0 dagger (venom)
rCold   . . .      Faith    .   (no shield)
rNeg    . . .      Spirit   .   a - +0 robe
rPois   .          Reflect  .   (no helmet)
rElec   .          Harm     .   (no cloak)
rCorr   .          Rampage  .   (no gloves)
Will    .....                   (no boots)
Stlth   ++........              (no amulet)
HPRegen 0.09/turn               (no ring)
MPRegen 0.13/turn               (no ring)

@: no status effects
A: no striking features
a: no special abilities


You were on level 4 of the Dungeon.
You visited 1 branch of the dungeon, and saw 4 of its levels.

You collected 124 gold pieces.

Inventory:

Hand Weapons
 f - a +0 dagger of venom (weapon)
Missiles
 j - 26 poisoned darts
Armour
 a - a +0 robe (worn)
Magical Staves
 b - a staff of poison
Jewellery
 d - a ring of see invisible
Scrolls
 c - a scroll of vulnerability {unknown}
 e - 2 scrolls of magic mapping {unknown}
 h - 2 scrolls of fog {unknown}
 l - a scroll of noise {unknown}
Potions
 g - 3 potions of curing
 i - 3 potions of flight
 k - 3 potions of attraction


   Skills:
 - Level 2.4 Dodging
 - Level 2.4 Stealth
 + Level 3.9 Spellcasting
 + Level 6.8 Conjurations
 - Level 2.0 Hexes


You had 5 spell levels left.
You knew the following spells:

 Your Spells              Type           Power      Damage    Failure   Level
a - Magic Dart            Conj           100%       1d8       1%          1
b - Searing Ray           Conj           78%        2d7       1%          2
c - Dazzling Flash        Conj/Hex       54%        N/A       4%          3

Your spell library contained the following spells:

 Spells                   Type           Power      Damage    Failure   Level
 Fulminant Prism          Conj/Hex       13%        3d9       16%         4
 Iskenderun's Mystic Bla  Conj/Tloc      21%        2d6       22%         4
 Gell's Gravitas          Tloc           4%         N/A       28%         3
 Teleport Other           Tloc           4%         N/A       28%         3
 Dispersal                Tloc           2%         N/A       100%        6


Dungeon Overview and Level Annotations

Branches:
Dungeon (4/15)
 Temple: D:4-7

Altars:
Qazlal


Message History

You are poisoned.
The scorpion poisons you!
You feel very sick.
You feel sick.
You feel sick.
You feel sick.
You feel sick.
You feel sick. The scorpion barely misses you.
You feel sick.
You feel sick.
You feel sick.
You are no longer poisoned.
Casting: Searing Ray (safe; 1% risk of failure)
Confirm with . or Enter, or press ? or * to list all spells.
Aiming: Magic Dart (safe; 1% risk of failure)
Press: ? - help, Shift-Dir - straight line, f/p - scorpion
Aim: a scorpion (100% to hit)
The magic dart hits the scorpion.
The scorpion is lightly wounded.
The scorpion closely misses you.
Casting: Magic Dart (safe; 1% risk of failure)
Confirm with . or Enter, or press ? or * to list all spells.
Aiming: Magic Dart (safe; 1% risk of failure)
Press: ? - help, Shift-Dir - straight line, f/p - scorpion
Aim: a scorpion (lightly wounded, 100% to hit)
The magic dart hits the scorpion.
The scorpion is heavily wounded.
The scorpion closely misses you.
Casting: Magic Dart (safe; 1% risk of failure)
Confirm with . or Enter, or press ? or * to list all spells.
Aiming: Magic Dart (safe; 1% risk of failure)
Press: ? - help, Shift-Dir - straight line, f/p - scorpion
Aim: a scorpion (heavily wounded, 100% to hit)
The magic dart hits the scorpion but does no damage.
The scorpion is heavily wounded.
The scorpion barely misses you. The scorpion closely misses you.
You hit the scorpion but do no damage.
The scorpion is heavily wounded.
The scorpion stings you.
You die...

#)# #.#####.# #.......###
######....# ########....#
#...........######
#................#
########................#
#............s@.........#
#.##.###........##......#
#...............##......#######
#..≈..§.........#...[..†.......
##..§.≈.........#.......##..†..
#)§§_..........#.......##.....
#.≈≈§.≈........#.......##.....
#†§§§≈≈........#...#.#####.)##
#..............#####.# #.†#<


You could see a scorpion.

Vanquished Creatures
  An orc wizard (D:4)
  3 gnolls (D:2)
  6 adders
  A white imp (D:3)
  2 worms
  4 dart slugs
  3 orcs (D:4)
  6 ball pythons
  6 bats
  3 endoplasms
  3 giant cockroaches (D:1)
  7 hobgoblins
  3 jackals (D:4)
  2 quokkas
  A frilled lizard (D:3)
  4 goblins
  7 kobolds
  A rat (D:1)
63 creatures vanquished.

Notes
Turn   | Place    | Note
-------+----------+-------------------------------------------
     0 | D:1      | mcbry74 the Deep Elf Conjurer began the quest for the Orb.
     0 | D:1      | Reached XP level 1. HP: 10/10 MP: 6/6
    93 | D:1      | Found a faded altar of an unknown god.
   276 | D:1      | Reached XP level 2. HP: 15/15 MP: 6/8
   333 | D:1      | Reached skill level 5 in Conjurations
   973 | D:2      | Reached XP level 3. HP: 19/19 MP: 4/9
  1502 | D:2      | Reached skill level 6 in Conjurations
  1596 | D:2      | Learned a level 2 spell: Searing Ray
  1600 | D:2      | Learned a level 3 spell: Dazzling Flash
  1804 | D:2      | Reached XP level 4. HP: 24/24 MP: 8/10
  1958 | D:2      | Reached skill level 1 in Hexes
  3368 | D:4      | Reached XP level 5. HP: 28/28 MP: 6/12
  3475 | D:4      | Found a stormy altar of Qazlal.
  3567 | D:4      | Slain by a scorpion

Illustrated notes

Levels and vault maps discovered:
D:1:      saegor_arrival_simple_b, layout_loops_cross,
          shapermc_ecumenical_altar_starsandcircs, nrook_mini_backslash
D:2:      layout_loops_ring, chequers_serial_rivers_large_a
D:3:      layout_loops_ring
D:4:      layout_basic, nicolae_qazlal_scattered_showers,
          kennysheep_generic_room_3, uniq_duvessa

Skill      XL: |  1  2  3  4 |
---------------+-------------+-----
Conjurations   | 5 6 |  6.8
Hexes          | 2 |  2.0
Dodging        | |  2.4
Stealth        | |  2.4
Spellcasting   | |  3.9

Action                   |  1- 3 |  4- 6 || total
-------------------------+-------+-------++-------
Melee: Dagger            |     4 |     2 ||     6
 Cast: Magic Dart        |    58 |    39 ||    97
       Searing Ray       |       |     9 ||     9
  Use: Scroll            |       |     3 ||     3
Armor: Robe              |       |     1 ||     1
Dodge: Dodged            |     8 |     9 ||    17

Table legend: (Time is in decaauts)
 A = Elapsed time spent in this place.
 B = Non-inter-level travel time spent in this place.
 C = Inter-level travel time spent in this place.
 D = Time resting spent in this place.
 E = Time spent auto-exploring this place.
 F = Levels seen in this place.
 G = Mean time per level.
                   A        B        C        D        E       F      G
               +--------+--------+--------+--------+--------+-----+--------+
         Total |   3578 |   3411 |    167 |    917 |   2065 |   4 |  894.5 |
       Dungeon |   3578 |   3411 |    167 |    917 |   2065 |   4 |  894.5 |
               +--------+--------+--------+--------+--------+-----+--------+

Top non-repeatable levels by time:
     D:2: 1543 daAuts
     D:1: 884 daAuts
     D:3: 791 daAuts
     D:4: 359 daAuts
